 Dungeon Crawl Stone Soup version 0.31.0-11-ge490571c62 (webtiles) character file.

Game seed: 13187388180385197017

65 qw the Shooter (level 3, 0/20 HPs)
             Began as a Deep Elf Hunter on Feb 4, 2024.
             Slain by a goblin
             ... wielding a +0 dagger
             ... led by Robin
              (2 damage)
             ... on level 3 of the Dungeon.
             The game lasted 00:00:05 (1463 turns).

qw the Shooter (Deep Elf Hunter)                    Turns: 1463, Time: 00:00:06

Health: 0/20       AC:  9    Str: 10    XL:     3   Next: 94%
Magic:  0/5        EV:  9    Int: 13    God:
Gold:   126        SH:  0    Dex: 18    Spells: 2/2 levels left

rFire   . . .        a - +0 shortbow
rCold   . . .        (shield currently unavailable)
rNeg    . . .        d - +0 scale mail
rPois   .            (no helmet)
rElec   .            (no cloak)
rCorr   .            h - +2 pair of gloves
SInv    .            (no boots)
Will    .....        j - amulet of guardian spirit
Stlth   +            (no ring)
HPRegen 0.23/turn    (no ring)
MPRegen 0.09/turn

%: guardian spirit
@: no status effects
A: no striking features
a: no special abilities


You were on level 3 of the Dungeon.
You visited 1 branch of the dungeon, and saw 3 of its levels.

You collected 126 gold pieces.


   Skills:
 - Level 1.5 Fighting
 + Level 7.4 Ranged Weapons
 - Level 2.4 Dodging
 - Level 1.2 Stealth


You had 2 spell levels left.
You didn't know any spells.
Your spell library was empty.

Inventory:

Hand Weapons
 a - a +0 shortbow (weapon)
Armour
 d - a +0 scale mail (worn)
 h - a +2 pair of gloves (worn)
Jewellery
 j - an amulet of guardian spirit (around neck)
Scrolls
 b - a scroll of blinking {unknown}
 c - a scroll of teleportation {unknown}
Potions
 e - 2 potions of enlightenment {unknown}

Dungeon Overview and Level Annotations

Branches:
Dungeon (3/15)

Altars:

Annotations:
D:3 1 runed translucent door, Crazy Yiuf, Robin


Message History

The goblin barely misses you. The goblin hits you but does no damage.
You shoot an arrow. The arrow hits the goblin.
You kill the goblin!
The goblin misses you. The goblin closely misses you.
The goblin completely misses you. The goblin hits you with a +0 dagger.
The goblin hits you but does no damage.
You shoot an arrow. The arrow hits the goblin.
The goblin is severely wounded.
The goblin hits you with a +0 dagger. The goblin hits you but does no damage.
The goblin closely misses you.
You shoot an arrow. The arrow closely misses the goblin.
The arrow hits Robin!
Robin is heavily wounded.
The goblin hits you but does no damage.
Robin roars a battlecry!
The goblin goes into a battle-frenzy!
The goblin hits you but does no damage. The goblin hits you with a +0 dagger.
You shoot an arrow. The arrow hits the goblin.
You kill the goblin!
The goblin closely misses you. The goblin completely misses you.
The goblin hits you but does no damage. The goblin closely misses you.
The goblin hits you with a +0 dagger.
You shoot an arrow. The arrow closely misses the goblin.
The arrow hits Robin.
Robin is severely wounded.
The goblin closely misses you. The goblin barely misses you.
The goblin hits you with a +0 dagger.
You shoot an arrow. The arrow barely misses the goblin.
The arrow hits Robin.
Robin is almost dead.
The goblin closely misses you. The goblin hits you with a +0 club.
The goblin hits you with a +0 dagger.
You shoot an arrow. The arrow barely misses the goblin.
The arrow barely misses Robin.
The goblin no longer looks unusually strong.
The goblin closely misses you.
The goblin hits you but does no damage. x2
Robin roars a battlecry!
The goblin goes into a battle-frenzy!
You hear a shout!
You shoot an arrow. The arrow hits the goblin.
The goblin is moderately wounded.
The goblin hits you with a +0 dagger.
You die...

##### ###### #...##
#....#
.....######....##
...............g####
......#####....g@gg#
......#
##..####.)...#
.....## 77.7# ..).#
....## 7..7 ##..
.##.# 7.P777 . .77..
7... .77## 7... 777.


77 You could see Robin and 3 goblins.

Vanquished Creatures
  2 dart slugs
  A ribbon worm (D:2)
  5 bats
  7 endoplasms
  3 giant cockroaches
  8 goblins (D:3)
  3 hobgoblins
  8 jackals
  3 kobolds (D:2)
  3 ball pythons (D:1)
  3 frilled lizards
  3 rats
49 creatures vanquished.

Notes
Turn   | Place    | Note
-------+----------+-------------------------------------------
     0 | D:1      | qw the Deep Elf Hunter began the quest for the Orb.
     0 | D:1      | Reached XP level 1. HP: 12/12 MP: 3/3
     0 | D:1      | 0 ||| qw: Version: 0.3-a-160-g6735b56
     0 | D:1      | 0 ||| qw: Game counter: 5827
     0 | D:1      | 0 ||| qw: Melee chars always use a shield: true
     0 | D:1      | 0 ||| qw: God list: Okawaru
     0 | D:1      | 0 ||| qw: Allow faded altars: false
     0 | D:1      | 0 ||| qw: Do Orc after clearing Dungeon:15 true
     0 | D:1      | 0 ||| qw: Do second Lair branch before Depths: true
     0 | D:1      | 0 ||| qw: Lair rune preference: random
     0 | D:1      | 0 ||| qw: Goals: Normal
     0 | D:1      | 0 ||| PLANNING D:1-11
   189 | D:1      | Reached skill level 6 in Ranged Weapons
   189 | D:1      | Reached XP level 2. HP: 16/16 MP: 4/4
   643 | D:1      | 643 ||| UPGRADING to +0 scale mail.
   653 | D:1      | 653 ||| DROPPING +0 leather armour.
   654 | D:1      | 654 ||| UPGRADING to +0 pair of gloves.
   659 | D:1      | 659 ||| UPGRADING to amulet of guardian spirit.
   664 | D:1      | 664 ||| READING scroll labelled OLENEJ KIFFI.
   664 | D:1      | 664 ||| ENCHANTING +0 pair of gloves.
   665 | D:1      | 665 ||| READING scroll labelled LUCOULOSAH.
   665 | D:1      | 665 ||| IDENTIFYING scroll labelled EFUNABBUIB
   666 | D:1      | 666 ||| READING 2 scrolls labelled SADIRORA XUMO.
   667 | D:1      | 667 ||| DROPPING scroll of butterflies.
   668 | D:1      | 668 ||| DROPPING scroll of poison.
   669 | D:1      | 669 ||| DROPPING scroll of immolation.
   831 | D:2      | Reached XP level 3. HP: 20/20 MP: 5/5
   875 | D:2      | HP: 5/20 [jackal (2)]
   966 | D:2      | 966 ||| READING scroll of enchant armour.
   966 | D:2      | 966 ||| ENCHANTING +1 pair of gloves.
  1110 | D:2      | Reached skill level 7 in Ranged Weapons
  1269 | D:2      | 1269 ||| READING scroll of identify.
  1269 | D:2      | 1269 ||| IDENTIFYING scroll labelled DACER JAONILL
  1270 | D:2      | 1270 ||| READING scroll labelled CAT INUCHASCHAR.
  1271 | D:2      | 1271 ||| DROPPING scroll of fog.
  1375 | D:3      | Found a runed translucent door.
  1376 | D:3      | Noticed Crazy Yiuf
  1428 | D:3      | 1428 ||| FLEEEEING.
  1429 | D:3      | 1429 ||| FLEEEEING.
  1447 | D:3      | Noticed Robin
  1461 | D:3      | HP: 4/20 [goblin/+0 club[Robin] (4)]
  1463 | D:3      | Slain by a goblin

Levels and vault maps discovered:
D:1:      dpeg_arrival_erosion, layout_basic, nrook_mini_vaults
D:2:      layout_rooms, palyth_stone_intersect
D:3:      layout_rooms, chequers_temple_overflow_minitemple, serial_forest,
          infiniplex_forest_straight_4, infiniplex_forest_clump_long,
          infiniplex_forest_end_2, infiniplex_forest_lined_3,
          infiniplex_forest_fountain, uniq_terence, uniq_crazy_yiuf_cottage,
          uniq_pargi, uniq_robin

Skill      XL: |  1  2  3 |
---------------+----------+-----
Ranged Weapons | 6 7 |  7.4
Fighting       | |  1.5
Dodging        | |  2.4
Stealth        | |  1.2

Action                     || total
---------------------------++-------
   Fire: Shortbow          ||   148
    Use: Scroll            ||     6
 Armour: Leather armour    ||     9
         Scale mail        ||   114
  Dodge: Dodged            ||    99

Table legend:
 A = Non-vault XP
 B = Vault XP
 C = Vault XP percentage of total XP
 D = Non-vault monster count
 E = Vault monster count
 F = Vault count percentage of total count
                 A         B        C        D         E       F
            +---------+---------+-------+---------+---------+-------
      Total |      79 |      15 |  16.0 |      41 |       8 |  16.3
            +---------+---------+-------+---------+---------+-------
        D:1 |      29 |       0 |   0.0 |      15 |       0 |   0.0
        D:2 |      39 |       0 |   0.0 |      20 |       0 |   0.0
        D:3 |      11 |      15 |  57.7 |       6 |       8 |  57.1
            +---------+---------+-------+---------+---------+-------
